 Dungeon Crawl Stone Soup version 0.28.0 (webtiles) character file.

Game seed: 17728972035917830779

68182 GrayStillPlays the Fighter (level 14, -12/118 HPs)
             Began as a Demonspawn Fighter on Feb 13, 2022.
             Was an Initiate of Lugonu.
             Mangled by Rupert (18 damage)
             ... on level 12 of the Dungeon.
             The game lasted 01:13:01 (28213 turns).

GrayStillPlays the Fighter (Demonspawn Fighter)    Turns: 28213, Time: 01:13:01

Health: -12/118    AC: 21    Str: 19    XL:     14   Next: 85%
Magic:  0/20       EV: 14    Int: 16    God:    Lugonu [......]
Gold:   1274       SH:  5    Dex: 13    Spells: 21/21 levels left

rFire   + . .      SeeInvis .   t - +3 broad axe (distort) {!waxe}
rCold   + . .      Faith    .   c - +0 buckler
rNeg    . . .      Spirit   +   B - +7 Kryia's mail coat {PotionHeal*2 rC+}
rPois   +          Reflect  .   (no helmet)
rElec   .          Harm     .   F - +2 cloak {rF+}
rCorr   .          Rampage  .   (gloves unavailable)
Will    +....                   Z - +2 pair of boots {Stlth+}
Stlth   +.........              j - amulet of guardian spirit
HPRegen 0.29/turn               b - +4 ring of slaying
MPRegen 0.17/turn               W - ring of poison resistance

@: studying Air Magic, invisible
A: ignite blood 2, spiny 1, big brain 2, demonic touch 3
a: Renounce Religion


You were on level 12 of the Dungeon.
You worshipped Lugonu.
Lugonu was noncommittal.
You visited 4 branches of the dungeon, and saw 21 of its levels.
You visited the Abyss 1 time.
You also visited: Volcano.

You collected 1640 gold pieces.
You spent 366 gold pieces at shops.


Innate Abilities, Weirdness & Mutations

Your demonic aura often causes spilled blood to erupt in flames.
You are partially covered in sharp spines.
You have an extremely huge brain. (Int +4)
Your touch may irresistibly damage your foes and sap their willpower.


   Skills:
 + Level 13.4 Fighting
 - Level 4.3 Axes
 - Level 6.6 Armour
 - Level 11.2 Dodging
 - Level 4.9 Shields
 - Level 4.0 Spellcasting
 - Level 10.3 Transmutations
 + Level 12.5 Air Magic
 - Level 7.1 Invocations


You had 21 spell levels left.
You didn't know any spells.
Your spell library contained the following spells:

 Spells                   Type           Power      Damage    Failure   Level
 Beastly Appendage        Tmut           72%        N/A       1%          1
 Wereblood                Tmut           36%        N/A       1%          2
 Static Discharge         Conj/Air       23%        N/A       7%          2
 Spider Form              Tmut/Pois      19%        N/A       22%         3
 Blade Hands              Tmut           18%        N/A       24%         5
 Animate Skeleton         Necr           6%         N/A       52%         1
 Apportation              Tloc           6%         N/A       52%         1
 Summon Small Mammal      Summ           12%        N/A       52%         1
 Blink                    Tloc           6%         N/A       65%         2
 Scorch                   Fire           6%         2d5       65%         2
 Call Canine Familiar     Summ           3%         N/A       87%         3
 Portal Projectile        Hex/Tloc       6%         N/A       87%         3
 Summon Guardian Golem    Hex/Summ       3%         N/A       87%         3
 Dispel Undead            Necr           3%         3d7       99%         4
 Flame Wave               Conj/Fire      3%         2d4       99%         4
 Leda's Liquefaction      Hex/Erth       1%         N/A       99%         4
 Sticky Flame             Conj/Fire      3%         2d3       99%         4
 Storm Form               Tmut/Air       19%        N/A       99%         7
 Excruciating Wounds      Necr           1%         N/A       100%        5
 Manifold Assault         Tloc           3%         N/A       100%        5
 Summon Cactus Giant      Summ           1%         N/A       100%        6
 Borgnjor's Revivificati  Necr           1%         N/A       100%        8
 Necromutation            Tmut/Necr      9%         N/A       100%        8
 Death's Door             Necr           1%         N/A       100%        9

Inventory:

Hand Weapons
 a - a +6 eveningstar {macerare=g}
   (You took it off Urug on level 1 of the Orcish Mines)
 q - the +8 spear of Conversion {protect, Int+5, polearm}
   (You found it on level 10 of the Dungeon)

   It grants its wielder temporary protection when it strikes (+7 to AC).
   Int:       It affects your intelligence (+5).
 t - a +3 broad axe of distortion (weapon) {!waxe}
   (Okawaru gifted it to you on level 10 of the Dungeon)
Missiles
 e - 34 poisoned darts (quivered) {throwing}
 A - a curare-tipped dart {=fthrowing}
 V - 7 atropa-tipped darts {throwing}
Armour
 c - a +0 buckler (worn)
 B - the +7 Kryia's mail coat (worn) {PotionHeal*2 rC+}
   (You found it on level 5 of the Dungeon)

   Potions are twice as effective at healing its wearer.
   rC:        It protects you from cold.
 F - a +2 cloak of fire resistance (worn)
   (You found it in a volcano)
 Z - a +2 pair of boots of stealth (worn)
   (You found it in a volcano)
Magical Staves
 K - a staff of air {!astaff}
   (You found it on level 5 of the Dungeon)
Jewellery
 b - a +4 ring of slaying (left hand)
   (You took it off a kobold on level 7 of the Dungeon)
 f - a +6 ring of intelligence
   (You found it on level 1 of the Lair of Beasts)
 j - an amulet of guardian spirit (around neck)
   (You found it on level 10 of the Dungeon)
 u - a ring of resist corrosion
   (You found it on level 3 of the Lair of Beasts)
 G - a ring of wizardry
   (You found it on level 5 of the Dungeon)
 P - a ring of flight
   (You found it on level 7 of the Dungeon)
 W - a ring of poison resistance (right hand)
   (You found it on level 1 of the Lair of Beasts)
Wands
 x - a wand of paralysis (18)
   (You found it on level 8 of the Dungeon)
 E - a wand of polymorph (18)
   (You found it on level 5 of the Dungeon)
 J - a wand of flame (15)
   (You found it on level 5 of the Dungeon)
 O - a wand of charming (14)
   (You found it on level 1 of the Lair of Beasts)
 T - a wand of digging (11)
   (You found it on level 3 of the Lair of Beasts)
Scrolls
 g - 2 scrolls of magic mapping {!r}
 k - 2 scrolls of holy word {!r}
 l - a scroll of amnesia
 m - 6 scrolls of teleportation {@r4}
 o - 2 scrolls of fear
 p - 3 scrolls of vulnerability {!r!r}
 v - a scroll of brand weapon {unknown}
 y - 2 scrolls of summoning
 H - 2 scrolls of immolation {!r!r}
 N - a scroll of fog {unknown}
 Q - 3 scrolls of blinking {unknown}
 Y - 2 scrolls of silence {!r}
Potions
 d - 3 potions of might
 i - 4 potions of haste {@q3}
 r - 4 potions of attraction {!q}
 s - 4 potions of flight
 w - 3 potions of degeneration {unknown}
 z - 2 potions of cancellation {unknown}
 C - 3 potions of brilliance {unknown}
 D - a potion of resistance {unknown}
 I - a potion of ambrosia {unknown}
 L - 2 potions of curing {@q1}
 M - 5 potions of mutation {unknown}
 R - a potion of invisibility
Miscellaneous
 h - a lightning rod (4/4)
   (You found it on level 7 of the Dungeon)
 S - a phantom mirror
   (You found it on level 9 of the Dungeon)
 U - a condenser vane (inert)
   (You found it on level 1 of the Lair of Beasts)

Dungeon Overview and Level Annotations

Branches:
Dungeon (12/15)            Temple (1/1) D:5            Lair (6/6) D:11
  Swamp (0/4) Lair:4       Spider (0/4) Lair:4          Orc (2/2) D:9
    Elf (0/3) Orc:2       Volcano (visited)
  Slime: Lair:5-6

Altars:
Ashenzari
Cheibriados
Dithmenos
Elyvilon
Fedhas
Gozag
Hepliaklqana
Kikubaaqudgha
Makhleb
Okawaru
Qazlal
Ru
Trog
Uskayaw
Vehumet
Xom
Yredelemnul
Zin
The Shining One
Beogh

Shops:
D:6 :   D:7 (   D:11 [   D:12 *:   Orc:2 [=*(

Portals:
Abyss: D:11

Annotations:
D:10 2 transporters
D:11 2 transporters, arthad's ghost, journeyman GrFi
D:12 Rupert
Lair:1 exclusion: oklob plant
Lair:3 2 transporters, exclusion: 2 ice statues, Fractals's ghost, journeyman DsFi

#.......###..##.....
#...................
#.#..#.#########'###
#......#...##......#
#......#...##..##..#
#.#..#.'...######..#
#......#...# +...
#...####...# . #...
#.#@# #...#.##.#..#
#..°########....##+#
#.........# #.......
#.###..##.# #.......
#......##.# #.....#.
#.........# #.......
#...#.....# #.......
#.....##### #..>....
#.....# #..#..#.


There were no monsters in sight!


Message History

😕 HP[-3] MP[-1]
You take 3 damage, and now have 115/118 hp.
You lost 1 mp, and now have 19/20 mp.
You slash the orc warrior!
Space warps around the orc warrior.
The orc warrior is engulfed in blazing flames.
You block the orc warrior's attack.
You slash the orc warrior!
You kill the orc warrior!
Lugonu accepts your kill.
No target in view!
No target in view!
Items here: )) [ †. 😎 HP[+3] MP[+1]
Your hp is fully restored (118).
Your mp is fully restored (20).
You open the door.
There is an open door here.
You open the door.
There is an open door here.
You open the door.
Rupert the Wild comes into view.
He is wielding a +0 great sword of holy wrath.
Rupert shouts!
There is an open door here.
Aiming: Paralyse
Press: ? - help, Q - select action, (/) - cycle Shift-Dir - straight line, f - Rupert
Aim: Rupert, wielding a +0 great sword of holy wrath and wearing a +0 ring mail (chance to affect: 1%)
Okay, then.
You feel yourself speed up.
Rupert roars madly and goes into a rage!
Rupert goes berserk!
You slash Rupert!
Rupert is engulfed in blazing flames.
You block Rupert's attack.
Rupert is engulfed in blazing flames.
Rupert hits you with a +0 great sword of holy wrath!
You convulse. 😕 HP[-11] MP[-1]
You take 11 damage, and now have 107/118 hp.
You lost 1 mp, and now have 19/20 mp.
You hit Rupert but do no damage.
Space warps around Rupert.
Rupert is engulfed in blazing flames.
Rupert is struck by your spines.
Rupert hits you with a +0 great sword of holy wrath!!
You convulse! 😮 HP[-44] MP[-8]
You take 44 damage, and now have 63/118 hp.
MASSIVE DAMAGE!! (PAUSE)
You lost 8 mp, and now have 11/20 mp.
Rupert is engulfed in blazing flames.
Rupert is engulfed in blazing flames. 😮 HP[+1] 😮 MP[+1] 😮 HP[+1] 😮 HP[+1] 😮 MP[+1] 😮 HP[+1] 😮 HP[+1] 😮 MP[+1] Rupert is no longer berserk.
Rupert drinks a potion.
Rupert flickers and vanishes!
Deactivating autopickup; reactivate with Ctrl-A. 😮 HP[+1] 😮 HP[+1] MP[+1]
Your extra speed is starting to run out. 😮 HP[+1] 😮 MP[+1]
You feel yourself slow down. 😮 HP[+1] 😮 HP[+1] 😮 MP[+1] 😮 HP[+1] 😮 MP[+1] 😮 HP[+1] 😮 HP[+1] 😮 MP[+1]
Something hits you!
You convulse!!
* * * LOW HITPOINT WARNING * * *
😨 HP[-25] MP[-7]
You take 25 damage, and now have 51/118 hp.
MASSIVE DAMAGE!! (PAUSE)
You lost 7 mp, and now have 12/20 mp.
Something hits you!
* * * LOW HITPOINT WARNING * * *
You convulse!!
* * * LOW HITPOINT WARNING * * *
😱 HP[-29] MP[-7]
You take 29 damage, and now have 22/118 hp.
MASSIVE DAMAGE!! (PAUSE)
You lost 7 mp, and now have 5/20 mp.
Aiming: Thunderbolt
Press: ? - help, Q - select action, (/) - cycle Shift-Dir - straight line
Okay, then.
You fade into invisibility!
Something hits you!
* * * LOW HITPOINT WARNING * * *
You convulse!
* * * LOW HITPOINT WARNING * * *
😱 HP[-16] MP[-4]
You take 16 damage, and now have 6/118 hp.
You lost 4 mp, and now have 1/20 mp.
Something hits you!!
You die...

Skill      XL: |  1  2  3  4  5  6  7  8  9 10 11 12 13 14 |
---------------+-------------------------------------------+-----
Axes           | 2 3 4 |  4.3
Armour         | 3 4 5 6 |  6.6
Shields        | 3 4 |  4.9
Fighting       | 4 5 6 7 9 10 11 13 | 13.4
Dodging        | 1 2 3 4 5 7 8 10 11 | 11.2
Invocations    | 2 4 5 7 |  7.1
Transmutations | 1 2 3 5 7 8 10 | 10.3
Spellcasting   | 1 2 3 4 |  4.0
Air Magic      | 1 3 4 6 8 9 12 | 12.5

Action                   |  1- 3 |  4- 6 |  7- 9 | 10-12 | 13-15 || total
-------------------------+-------+-------+-------+-------+-------++-------
Melee: War axe           |   113 |   167 |   199 |   173 |       ||   652
       Mace              |       |       |     8 |       |       ||     8
       Broad axe         |       |       |       |   272 |   517 ||   789
       Spear             |       |       |       |       |    30 ||    30
       Eveningstar       |       |       |       |       |     3 ||     3
Throw: Dart              |       |     3 |     3 |     9 |    10 ||    25
Invok: Heroism           |       |       |     6 |     7 |     7 ||    20
       Finesse           |       |       |       |     3 |     5 ||     8
       Depart the Abyss  |       |       |       |       |     1 ||     1
Evoke: Wand              |       |       |       |     3 |     3 ||     6
       Condenser vane    |       |       |       |       |     1 ||     1
  Use: Scroll            |       |     2 |     7 |     6 |     9 ||    24
       Potion            |       |       |     2 |     1 |     6 ||     9
 Stab: Confused          |       |       |       |       |     2 ||     2
Armor: Scale mail        |    74 |    92 |   145 |   231 |   252 ||   794
       Skin              |       |       |       |       |     4 ||     4
Dodge: Dodged            |    54 |    71 |   142 |   270 |   378 ||   915
Block: Buckler           |    35 |    36 |    72 |   126 |   170 ||   439

Levels and vault maps discovered:
D:1:      tarquinn_simple_flora_water_b, layout_rooms, st_stairs_2
D:2:      layout_rooms, serial_undead, serial_undead_d, serial_undead_d,
          serial_undead_b, serial_undead_b,
          hellmonk_ecumenical_altar_slurped_away, minmay_worlds_worst_comb
D:3:      minmay_diamond_boxcup, layout_basic, lemuel_coloured_pillars_altar
D:4:      layout_basic
D:5:      layout_basic, minmay_temple_entry_arrows, portal_sewer_entry_e
D:6:      layout_loops_cross, lemuel_crystal_altar,
          mainiacjoe_overflow_tiny_flanked, serial_shops,
          nicolae_shop_statue_plus, minmay_misc_feat_iff, kennysheep_potato,
          uniq_maggie, uniq_eustachio
D:7:      minmay_the_grid_octo_tiled_octocenter
          [minmay_the_grid_octo_tetromino_candy, minmay_the_grid_octo_toaster,
          minmay_the_grid_octo_empty, minmay_the_grid_octo_teeth,
          minmay_the_grid_octo_prize_star,
          minmay_the_grid_square_5x5_three_walls,
          minmay_the_grid_square_5x5_shrine1, minmay_the_grid_square_5x5_eight,
          minmay_the_grid_square_5x5_shrine2], layout_rooms, minitemple,
          serial_shops, nicolae_shop_statue_plus, st_stairs_2,
          grunt_ministairs_11, uniq_harold, uniq_duvessa
D:8:      layout_basic
D:9:      layout_roguey, david_orc_5
D:10:     layout_roguey, gammafunk_temple_of_torment,
          mainiacjoe_overflow_chevrons
D:11:     layout_long_grid, lair_entry_dummy, serial_shops, nicolae_shop_stone,
          gammafunk_ghost_abyssal_escape
D:12:     layout_stronghold, serial_shops, shop, nicolae_shop_gadgets,
          uniq_rupert, uniq_fannar
Temple:   nicolae_temple_hex_pool
Lair:1:   minmay_lair_oklob_tunnel, layout_chaotic_city,
          nicolae_volcano_entry_batcave, uniq_grum, uniq_nergalle, uniq_erica
Lair:2:   minmay_lair_venomous_thicket, layout_big_grid
Lair:3:   layout_cave_pods, nzn_ghost_randoct, beast_lair_carwin_4
Lair:4:   layout_concentric_octagons, swamp_mist, spider_nest_entry_funnel_web
Lair:5:   layout_cave_pods, worms_lemuel
Lair:6:   minmay_lair_end_frog_pond, layout_regular_city, slime_altar_1,
          serial_bayou_shore_a
Orc:1:    layout_diamond_mine, ebering_ghost_inner_flame, uniq_jorgrun
Orc:2:    grunt_orc_cross, layout_caves, basic_altar

Notes
Turn   | Place    | Note
-------+----------+-------------------------------------------
     0 | D:1      | GrayStillPlays the Demonspawn Fighter began the quest for
                  | the Orb.
     0 | D:1      | Reached XP level 1. HP: 18/18 MP: 1/1
     0 | D:1      | magus.rc [v1.9.6]
   294 | D:1      | Reached skill level 2 in Axes
   294 | D:1      | Gained mutation: Your demonic aura sometimes causes spilled
                  | blood to erupt in flames. [demonic ancestry]
   294 | D:1      | Reached XP level 2. HP: 24/24 MP: 2/2
   653 | D:1      | You pick up a book of Touch and begin reading...
   653 | D:1      | You add the spells Static Discharge, Sticky Flame and
                  | Dispel Undead to your library.
   899 | D:2      | Reached skill level 3 in Armour
   946 | D:2      | Reached skill level 3 in Shields
   989 | D:2      | Gained mutation: Your demonic aura often causes spilled
                  | blood to erupt in flames. [demonic ancestry]
   989 | D:2      | Reached XP level 3. HP: 27/29 MP: 3/3
  1021 | D:2      | Found a faded altar of an unknown god.
  1433 | D:2      | Reached XP level 4. HP: 33/35 MP: 4/4
  2801 | D:4      | Noticed a black bear
  2810 | D:4      | Killed a black bear
  2811 | D:4      | Reached skill level 4 in Fighting
  2811 | D:4      | Reached skill level 3 in Axes
  2811 | D:4      | Reached XP level 5. HP: 40/42 MP: 5/5
  3042 | D:4      | Gained mutation: You have an unusually large brain. (Int
                  | +2) [demonic ancestry]
  3042 | D:4      | Reached XP level 6. HP: 20/48 MP: 6/6
  3063 | D:4      | HP: 9/48 [gnoll (5)]
  3331 | D:4      | Reached skill level 4 in Armour
  3512 | D:4      | Reached skill level 1 in Dodging
  3526 | D:4      | HP: 9/49 [something/puff of flame (10)]
  3779 | D:4      | Reached skill level 4 in Shields
  4170 | D:5      | Entered Level 5 of the Dungeon
  4347 | D:5      | Found the +7 Kryia's mail coat {PotionHeal*2 rC+}
  4380 | D:5      | Found a staircase to the Ecumenical Temple.
  4395 | D:5      | You pick up a book of Cantrips and begin reading...
  4395 | D:5      | You add the spells Animate Skeleton, Summon Small Mammal
                  | and Apportation to your library.
  4398 | Temple   | Entered the Ecumenical Temple
  4426 | Temple   | Became a worshipper of Warmaster Okawaru
  4673 | D:5      | Gained mutation: Your touch may inflict minor irresistible
                  | damage on your foes. [demonic ancestry]
  4673 | D:5      | Reached XP level 7. HP: 55/55 MP: 7/7
  4691 | D:5      | Reached skill level 1 in Invocations
  4881 | D:5      | Reached skill level 2 in Dodging
  5022 | D:5      | Reached skill level 1 in Transmutations
  5022 | D:5      | Reached skill level 2 in Invocations
  5770 | D:6      | Noticed Eustachio
  5785 | D:5      | Reached * piety under Okawaru
  5786 | D:5      | Reached skill level 5 in Fighting
  5786 | D:5      | Reached skill level 1 in Spellcasting
  5818 | D:6      | Killed Eustachio
  5819 | D:6      | Reached skill level 4 in Axes
  5819 | D:6      | Gained mutation: You are partially covered in sharp spines.
                  | [demonic ancestry]
  5819 | D:6      | Reached XP level 8. HP: 55/62 MP: 6/9
  5883 | D:6      | Found Vefrex's Book Emporium.
  6084 | D:6      | Found a hazy altar of Hepliaklqana.
  6092 | D:6      | Noticed Maggie
  6097 | D:6      | Killed Maggie
  6098 | D:6      | Reached skill level 3 in Invocations
  6183 | D:6      | Reached skill level 1 in Air Magic
  6307 | D:6      | Reached skill level 2 in Transmutations
  6317 | D:6      | Reached skill level 5 in Armour
  6317 | D:6      | Reached skill level 3 in Dodging
  6317 | D:6      | Reached skill level 2 in Spellcasting
  6551 | D:6      | You pick up a book of Changes and begin reading...
  6551 | D:6      | You add the spells Beastly Appendage, Wereblood and Spider
                  | Form to your library.
  6830 | D:7      | Reached ** piety under Okawaru
  6831 | D:7      | Reached skill level 4 in Invocations
  6831 | D:7      | Gained mutation: You have an extremely huge brain. (Int +4)
                  | [demonic ancestry]
  6831 | D:7      | Reached XP level 9. HP: 66/69 MP: 12/12
  6863 | D:7      | You pick up a book of Cantrips and begin reading...
  6929 | D:7      | Found Jilonaur's Weapon Emporium.
  6958 | D:7      | Noticed Harold
  6967 | D:7      | Reached skill level 2 in Air Magic
  6975 | D:7      | Killed Harold
  6976 | D:7      | Reached skill level 6 in Fighting
  6976 | D:7      | Reached skill level 3 in Spellcasting
  6976 | D:7      | Reached skill level 3 in Transmutations
  6976 | D:7      | Reached skill level 5 in Invocations
  7316 | D:7      | Noticed Duvessa
  7321 | D:7      | Noticed Dowan
  7328 | D:7      | Killed Duvessa
  7329 | D:7      | Reached skill level 4 in Dodging
  7332 | D:7      | Killed Dowan
  7430 | D:7      | Reached skill level 3 in Air Magic
  7499 | D:7      | Noticed a boulder beetle
  7499 | D:7      | Noticed a gargoyle
  7499 | D:7      | Noticed a seven-headed hydra
  7502 | D:7      | Noticed a white ugly thing
  7654 | D:7      | Noticed an eight-headed hydra
  8036 | D:7      | Reached *** piety under Okawaru
  8099 | D:8      | HP: 14/71 [orc warrior (6)]
  8106 | D:8      | HP: 15/71 [orc warrior (1)]
  8175 | D:8      | You pick up a book of Weapons and begin reading...
  8175 | D:8      | You add the spells Portal Projectile, Excruciating Wounds
                  | and Blade Hands to your library.
  8207 | D:8      | You pick up a book of the Hunter and begin reading...
  8404 | D:8      | Gained mutation: Your touch may inflict irresistible damage
                  | on your foes. [demonic ancestry]
  8404 | D:8      | Reached XP level 10. HP: 77/77 MP: 15/15
  8417 | D:8      | Reached skill level 6 in Armour
  8757 | D:8      | Reached skill level 6 in Invocations
  8902 | D:9      | Noticed a two-headed ogre
  8908 | D:9      | Killed a two-headed ogre
  8908 | D:9      | Reached **** piety under Okawaru
  8909 | D:9      | Reached skill level 4 in Spellcasting
  8909 | D:9      | Reached skill level 4 in Transmutations
  9583 | D:9      | Reached skill level 7 in Fighting
  9608 | D:9      | Reached skill level 4 in Air Magic
  9614 | D:9      | Reached skill level 5 in Dodging
  9616 | D:9      | Reached ***** piety under Okawaru
  9638 | D:9      | Reached skill level 7 in Invocations
 10018 | D:9      | Noticed a two-headed ogre
 10028 | D:9      | Killed a two-headed ogre
 10029 | D:9      | Reached skill level 5 in Transmutations
 10137 | D:9      | Found a staircase to the Orcish Mines.
 10268 | D:10     | Entered Level 10 of the Dungeon
 10305 | D:10     | Found a transporter.
 10358 | D:10     | Found a transporter.
 10358 | D:10     | Found a basalt altar of Yredelemnul.
 10362 | D:10     | Noticed a death knight
 10367 | D:10     | Noticed a skeletal warrior
 10369 | D:10     | Found an ancient bone altar of Kikubaaqudgha.
 10468 | D:10     | Found an opulent altar of Gozag.
 10562 | D:10     | Reached XP level 11. HP: 45/84 MP: 10/17
 10796 | D:10     | Received a gift from Okawaru
 10805 | D:10     | Reached skill level 5 in Air Magic
 10945 | D:10     | Identified the +8 spear of Conversion {protect, Int+5}
 10996 | D:10     | Reached skill level 6 in Dodging
 10998 | D:10     | Reached skill level 8 in Fighting
 11276 | D:11     | You pick up a book of Callings and begin reading...
 11411 | D:11     | Found Kunev's Armour Emporium.
 11676 | D:11     | Found a staircase to the Lair.
 11736 | D:11     | Noticed a two-headed ogre
 11745 | D:11     | Killed a two-headed ogre
 11927 | D:11     | Reached skill level 6 in Transmutations
 12094 | D:11     | Noticed a skeletal warrior
 12102 | D:11     | Found a transporter.
 12118 | D:11     | Found a transporter.
 12119 | D:11     | Noticed a green ugly thing
 12120 | D:11     | Noticed a wizard
 12132 | D:11     | Found a one-way gate to the infinite horrors of the Abyss.
 12132 | D:11     | Noticed arthad's ghost (journeyman GrFi)
 12392 | Lair:1   | Entered Level 1 of the Lair of Beasts
 12409 | Lair:1   | Noticed an oklob plant
 12443 | Lair:1   | Reached skill level 6 in Air Magic
 12473 | Lair:1   | Noticed Grum
 12490 | Lair:1   | Killed Grum
 12501 | Lair:1   | Received a gift from Okawaru
 12576 | Lair:1   | Noticed Nergalle
 12583 | Lair:1   | Reached skill level 7 in Dodging
 12587 | Lair:1   | Killed Nergalle
 12588 | Lair:1   | Reached skill level 9 in Fighting
 12630 | Lair:1   | HP: 22/89 [poisoned by a black mamba]
 12879 | Lair:1   | Found a dark tunnel.
 12885 | Lair:1   | Reached ****** piety under Okawaru
 12893 | Volcano  | Entered a volcano
 13114 | Volcano  | Noticed a fire dragon
 13133 | Volcano  | Killed a fire dragon
 13133 | Volcano  | Identified the +5 fustibalus "Tisey" {vorpal, Int+2}
                  | (Okawaru gifted it to you in a volcano)
 13133 | Volcano  | Received a gift from Okawaru
 13134 | Volcano  | Reached skill level 7 in Transmutations
 13134 | Volcano  | Reached XP level 12. HP: 72/95 MP: 9/18
 13377 | Volcano  | Noticed a hell hog
 13392 | Volcano  | HP: 5/95 [hell hog/fireball (39)]
 13396 | Volcano  | Killed a hell hog
 13688 | Volcano  | You pick up a book of Touch and begin reading...
 13850 | Lair:1   | Noticed Erica
 13883 | Lair:1   | Killed Erica
 13884 | Lair:1   | Reached skill level 7 in Air Magic
 14280 | Lair:2   | Identified the +1 pair of gloves of Arolec {rElec} (Okawaru
                  | gifted it to you on level 2 of the Lair of Beasts)
 14280 | Lair:2   | Received a gift from Okawaru
 14377 | Lair:2   | Reached skill level 8 in Dodging
 14679 | Lair:2   | Reached skill level 10 in Fighting
 15203 | Lair:3   | Noticed a death yak
 15203 | Lair:3   | Noticed Fractals's ghost (journeyman DsFi)
 15252 | Lair:3   | Reached skill level 8 in Transmutations
 15624 | Lair:3   | Reached skill level 8 in Air Magic
 15719 | Lair:3   | Found a transporter.
 15729 | Lair:3   | Noticed a seven-headed hydra
 15729 | Lair:3   | Found a transporter.
 15750 | Lair:3   | Noticed a boulder beetle
 16172 | Lair:4   | Gained mutation: Your touch may irresistibly damage your
                  | foes and sap their willpower. [demonic ancestry]
 16172 | Lair:4   | Reached XP level 13. HP: 104/104 MP: 19/19
 16273 | Lair:4   | Found a staircase to the Swamp.
 16359 | Lair:4   | Reached skill level 9 in Dodging
 16667 | Lair:4   | Found a hole to the Spider Nest.
 17708 | Lair:5   | Identified the +1 robe "Majairui" {Rampage Dex+4} (Okawaru
                  | gifted it to you on level 5 of the Lair of Beasts)
 17708 | Lair:5   | Received a gift from Okawaru
 17724 | Lair:5   | Reached skill level 11 in Fighting
 17724 | Lair:5   | Reached skill level 9 in Transmutations
 17736 | Lair:5   | HP: 17/106 [death yak (10)]
 18126 | Lair:5   | You pick up a book of Touch and begin reading...
 18195 | Lair:5   | Reached skill level 9 in Air Magic
 18631 | Lair:5   | Identified the +0 robe of Ysenwiet {rElec Will- Dex+3
                  | Archmagi}
 19550 | Lair:6   | Entered Level 6 of the Lair of Beasts
 19576 | Lair:6   | Reached skill level 10 in Dodging
 19962 | Lair:6   | HP: 26/107 [electric eel/bolt of electricity (4)]
 20413 | Lair:6   | Identified the +0 chain mail "Istrerats" {Stlth+} (Okawaru
                  | gifted it to you on level 6 of the Lair of Beasts)
 20413 | Lair:6   | Received a gift from Okawaru
 20570 | Lair:6   | Reached skill level 10 in Transmutations
 20579 | Lair:6   | Reached XP level 14. HP: 90/114 MP: 18/20
 20863 | Lair:6   | Reached skill level 12 in Fighting
 21175 | Lair:6   | Reached skill level 10 in Air Magic
 21746 | D:7      | You pick up a book of Scorching and begin reading...
 21746 | D:7      | You add the spells Scorch and Flame Wave to your library.
 21748 | D:7      | You add the spells Borgnjor's Revivification, Necromutation
                  | and Death's Door to your library.
 22281 | D:7      | Found a snail-covered altar of Cheibriados.
 22288 | D:7      | Found a hide-covered altar of Uskayaw.
 22290 | D:7      | Found a bloodstained altar of Trog.
 22293 | D:7      | Found a radiant altar of Vehumet.
 22354 | D:6      | Bought an Inescapable Atlas for 340 gold pieces
 22354 | D:6      | You add the spells Blink, Manifold Assault and Storm Form
                  | to your library.
 22481 | Orc:1    | Entered Level 1 of the Orcish Mines
 22497 | Orc:1    | Noticed Jorgrun
 22514 | Orc:1    | Killed Jorgrun
 22665 | Orc:1    | Found a runed translucent door.
 22666 | Orc:1    | Noticed Ekaitz's ghost (journeyman DsFE)
 22690 | Orc:1    | Killed Ekaitz's ghost
 23108 | Orc:2    | Entered Level 2 of the Orcish Mines
 23116 | Orc:2    | Paralysed by an orc sorcerer for 2 turns
 23131 | Orc:2    | Noticed an orc warlord
 23133 | Orc:2    | Noticed Urug
 23133 | Orc:2    | Noticed Blork the orc
 23144 | Orc:2    | Received a gift from Okawaru
 23147 | Orc:2    | Killed Blork the orc
 23150 | Orc:2    | Reached skill level 11 in Dodging
 23150 | Orc:2    | Reached skill level 11 in Air Magic
 23291 | Orc:2    | HP: 15/116 [Urug (21)]
 23758 | Orc:1    | Killed Urug
 23760 | Orc:1    | a - a +6 eveningstar {macerare=g}
 24310 | Orc:2    | Banished an orc warlord
 24431 | Orc:2    | Found Qeuduj's General Store.
 24510 | Orc:2    | Found Zaler's Antique Armour Shoppe.
 24569 | Orc:2    | Bought a scroll of identify for 26 gold pieces
 24616 | Orc:2    | Found Zonnuelu's Jewellery Shoppe.
 24632 | Orc:2    | Found Isit Jue's Antique Weapon Shoppe.
 24652 | Orc:2    | Found a staircase to the Elven Halls.
 25430 | Orc:2    | Reached skill level 13 in Fighting
 26075 | Orc:2    | Reached skill level 12 in Air Magic
 26662 | D:12     | Noticed Fannar
 26676 | D:12     | Killed Fannar
 26756 | D:12     | Found Aduewih's Gadget Gallery.
 26816 | D:12     | Found Askel's Book Shoppe.
 27079 | D:12     | a - a +6 eveningstar (weapon) {macerare=g}
 27079 | D:12     | You are cast into the Abyss!
 27079 | D:12     | Cast into level 3 of the Abyss (unwielding a weapon of
                  | distortion)
 27129 | Abyss:3  | HP: 27/118 [??? (19)]
 27150 | Abyss:3  | Noticed a starcursed mass
 27169 | Abyss:3  | HP: 27/118 [starcursed mass/accursed screaming (5)]
 27177 | Abyss:4  | Found a corrupted altar of Lugonu.
 27181 | Abyss:4  | Fell from the grace of Okawaru
 27181 | Abyss:4  | Became a worshipper of Lugonu the Unformed
 27181 | Abyss:4  | Reached * piety under Lugonu
 27183 | D:12     | You pass through the gate.
 27183 | D:12     | Escaped the Abyss
 27184 | D:12     | a - a +6 eveningstar (weapon) {macerare=g}
 27207 | D:12     | HP: 24/118 [seven-headed hydra (9)]
 27212 | D:12     | HP: 23/118 [seven-headed hydra (6)]
 28146 | D:12     | Noticed Rupert
 28211 | D:12     | HP: 22/118 [something (16)]
 28212 | D:12     | HP: 6/118 [something (7)]
 28213 | D:12     | Mangled by Rupert

Vanquished Creatures
  Jorgrun (Orc:1)
  The ghost of Ekaitz the Arsonist, a journeyman DsFE of Sif Muna (Orc:1)
  A fire dragon (Volcano)
  Fannar (D:12)
  Harold (D:7)
  A boulder beetle (D:7)
  Erica (Lair:1)
  4 two-headed ogres
  4 hydras
  Urug (Orc:1)
  6 death yaks (Lair:5)
  A hell hog (Volcano)
  Nergalle (Lair:1)
  2 orc high priests (Orc:2)
  A goliath frog (Lair:6)
  A lindwurm (Lair:5)
  2 orc knights (Orc:2)
  A deep elf pyromancer (D:12)
  3 orc sorcerers (Orc:2)
  An ugly thing (D:7)
  A moth of wrath (Lair:5)
  A manticore (D:12)
  5 black mambas
  9 elephants
  18 cane toads
  Maggie (D:6)
  A demonic crawler (Lair:5)
  5 rime drakes
  11 komodo dragons
  3 kobold demonologists (D:9)
  3 polar bears
  A tyrant leech (Lair:5)
  5 trolls
  30 blink frogs
  A slime creature (D:7)
  A meliai zombie (D:11)
  2 culicivoras (Lair:4)
  4 wyverns
  2 wraiths
  Eustachio (D:6)
  6 fire bats
  Grum (Lair:1)
  4 basilisks
  34 yaks
  2 steam dragons
  5 vampire mosquitoes
  3 wargs (Orc:2)
  2 swamp worms (Lair:5)
  An acid dragon (D:9)
  2 hell hounds (Volcano)
  6 water moccasins
  Duvessa (D:7)
  30 orc warriors
  A hornet zombie (D:6)
  6 black bears
  4 sky beasts
  2 ice beasts (D:7)
  7 ogres
  7 wolves
  4 centaurs
  5 kobold brigands
  Blork the orc (Orc:2)
  12 bullfrogs
  A gnoll sergeant (D:9)
  2 scorpions (D:5)
  A water moccasin skeleton (D:7)
  Dowan (D:7)
  A water moccasin zombie (D:5)
  9 wights
  An electric eel (Lair:6)
  A howler monkey (D:11)
  A centaur zombie (D:9)
  4 jellies
  A gnoll shaman (D:4)
  17 orc priests
  5 hounds
  A centaur skeleton (D:5)
  23 orc wizards
  A killer bee zombie (D:9)
  A hound skeleton (D:4)
  A howler monkey zombie (D:5)
  15 adders
  8 gnolls
  A howler monkey skeleton (D:6)
  A shadow imp (D:6)
  2 white imps
  An ufetubus (D:7)
  An adder skeleton (D:2)
  An adder zombie (D:5)
  A worm (D:3)
  4 dart slugs
  74 orcs
  A bat skeleton (D:2)
  A bat zombie (D:2)
  9 endoplasms
  9 giant cockroaches
  4 goblins
  11 hobgoblins
  2 quokkas
  8 ball pythons
  7 bats
  A giant cockroach zombie (D:2)
  17 kobolds
  11 rats
548 creatures vanquished.

Vanquished Creatures (others)
  An orc wizard (Orc:2)
  29 fungi
  125 plants
  7 withered plants (D:2)
162 creatures vanquished.

Grand Total: 710 creatures vanquished

Table legend:
 A = Non-vault XP
 B = Vault XP
 C = Vault XP percentage of total XP
 D = Non-vault monster count
 E = Vault monster count
 F = Vault count percentage of total count
                 A         B        C        D         E       F
            +---------+---------+-------+---------+---------+-------
      Total |   61789 |   35614 |  36.6 |     396 |     178 |  31.0
            +---------+---------+-------+---------+---------+-------
        D:1 |      21 |       4 |  16.0 |      14 |       3 |  17.6
        D:2 |      57 |      18 |  24.0 |      23 |       8 |  25.8
        D:3 |      30 |      43 |  58.9 |      11 |       9 |  45.0
        D:4 |     402 |       0 |   0.0 |      17 |       0 |   0.0
        D:5 |     763 |      24 |   3.0 |      25 |       8 |  24.2
        D:6 |     275 |     885 |  76.3 |       5 |       5 |  50.0
        D:7 |    1133 |    4628 |  80.3 |      20 |      18 |  47.4
        D:8 |     965 |       0 |   0.0 |      16 |       0 |   0.0
        D:9 |    3982 |     569 |  12.5 |      31 |      23 |  42.6
       D:10 |    2560 |       0 |   0.0 |      17 |       0 |   0.0
       D:11 |    3538 |       0 |   0.0 |      17 |       0 |   0.0
       D:12 |    3824 |     902 |  19.1 |      10 |       1 |   9.1
     Lair:1 |    3022 |    2664 |  46.9 |      11 |       8 |  42.1
     Lair:2 |    4687 |     475 |   9.2 |      17 |       9 |  34.6
     Lair:3 |    3806 |    1751 |  31.5 |      18 |       8 |  30.8
     Lair:4 |    4918 |     449 |   8.4 |      17 |       2 |  10.5
     Lair:5 |   15764 |    1714 |   9.8 |      35 |       6 |  14.6
     Lair:6 |    5486 |    8316 |  60.3 |      21 |      27 |  56.2
      Orc:1 |     564 |    4582 |  89.0 |       7 |       5 |  41.7
      Orc:2 |    5992 |    5830 |  49.3 |      63 |      30 |  32.3
    Abyss:3 |       0 |       0 |   N/A |       1 |       0 |   0.0
    Volcano |       0 |    2760 | 100.0 |       0 |       8 | 100.0
            +---------+---------+-------+---------+---------+-------

Illustrated notes

Table legend:
 A = Kills in this place as a percentage of kills in entire the game.
 B = Kills by you in this place as a percentage of kills by you in the entire game.
 C = Kills by friends in this place as a percentage of kills by friends in the entire game.
 D = Other kills in this place as a percentage of other kills in the entire game.
 E = Experience gained in this place as a percentage of experience gained in the entire game.
 F = Experience gained in this place divided by the number of levels of this place that you have seen.
                   A       B       C       D       E      F
               +-------+-------+-------+-------+-------+----------------------
         Total | 100.0 | 100.0 |   N/A | 100.0 | 100.0 | 4058.5
       Dungeon |  49.0 |  50.8 |   N/A |  20.0 |  25.3 | 2051.9
          Lair |  31.2 |  31.2 |   N/A |  31.4 |  54.5 | 8842.0
  Orcish Mines |  18.3 |  16.5 |   N/A |  45.7 |  17.4 | 8484.0
         Abyss |   0.2 |   0.0 |   N/A |   2.9 |   0.0 |   0.0
       Volcano |   1.4 |   1.5 |   N/A |   0.0 |   2.8 | 2760.0
               +-------+-------+-------+-------+-------+----------------------

Table legend: (Time is in decaauts)
 A = Elapsed time spent in this place.
 B = Non-inter-level travel time spent in this place.
 C = Inter-level travel time spent in this place.
 D = Time resting spent in this place.
 E = Time spent auto-exploring this place.
 F = Levels seen in this place.
 G = Mean time per level.
                   A        B        C        D        E       F      G
               +--------+--------+--------+--------+--------+-----+--------+
         Total |  28765 |  27280 |   1485 |   5477 |  16075 |  24 | 1198.5 |
       Dungeon |  15043 |  14170 |    873 |    981 |  10330 |  12 | 1253.6 |
        Temple |    130 |     78 |     52 |      0 |     71 |   1 |  130.0 |
          Lair |   8564 |   8135 |    429 |   1967 |   4370 |   6 | 1427.3 |
  Orcish Mines |   4058 |   3928 |    130 |   2017 |   1180 |   2 | 2029.0 |
         Abyss |    114 |    114 |      0 |      0 |      0 |   2 |   57.0 |
       Volcano |    852 |    852 |      0 |    512 |    123 |   1 |  852.0 |
               +--------+--------+--------+--------+--------+-----+--------+

Top non-repeatable levels by time:
  Lair:5: 2908 daAuts
   Orc:2: 2076 daAuts
   Orc:1: 1982 daAuts
     D:5: 1790 daAuts
     D:7: 1707 daAuts
    D:12: 1572 daAuts
     D:9: 1484 daAuts
  Lair:4: 1474 daAuts
  Lair:6: 1300 daAuts
     D:3: 1242 daAuts
     D:4: 1235 daAuts
    D:11: 1235 daAuts
     D:6: 1131 daAuts
  Lair:1: 1058 daAuts
     D:2: 1028 daAuts
